 Dungeon Crawl Stone Soup version 0.26-a0-859-gf57989e088 (webtiles) character file.

Game seed: 8397868300573512190

121 Conn the Firebug (level 5, 0/31 HPs)
             Began as an Octopode Fire Elementalist on Nov 25, 2020.
             Slain by Terence
             ... wielding a +0 morningstar
              (13 damage)
             ... on level 2 of the Dungeon.
             The game lasted 00:10:07 (3484 turns).

Conn the Firebug (Octopode Fire Elementalist)       Turns: 3484, Time: 00:10:08

Health: 0/31       AC:  1    Str:  8    XL:     5   Next: 5%
Magic:  9/9        EV: 13    Int: 18    God:
Gold:   128        SH:  0    Dex: 12    Spells: 6/10 levels left

rFire    . . .     SeeInvis .   l - +0 short sword (speed)
rCold    . . .     Faith    .   (no shield)
rNeg     . . .     Spirit   .   (helmet restricted)
rPois    .         Reflect  .   k - amulet of the acrobat
rElec    .         Harm     .   (no ring)
rCorr    .         Rampage  .   (no ring)
MR       .....                  (no ring)
Stlth    +++.......             (no ring)
HPRegen  0.10/turn              (no ring)
MPRegen  0.11/turn              (no ring)
                                (no ring)
                                (no ring)

@: mighty, about to teleport, attractive
A: almost no armour, stealthy swim, amphibious, 8 rings, constrict 8, camouflage
1, gelatinous body 1
a: no special abilities


You were on level 2 of the Dungeon.
You visited 1 branch of the dungeon, and saw 3 of its levels.

You collected 128 gold pieces.

Inventory:

Hand Weapons
 d - a +0 dagger
 l - a +0 short sword of speed (weapon)
Jewellery
 k - an amulet of the acrobat (around mantle)
Scrolls
 b - 4 scrolls of identify
 c - a scroll of remove curse
 m - a scroll of amnesia {unknown}
 n - a scroll of blinking {unknown}
 o - a scroll of enchant armour {unknown}
Potions
 h - a potion of lignification {unknown}


   Skills:
 + Level 0.2 Fighting
 + Level 2.3 Dodging
 + Level 3.7 Stealth
 * Level 3.0 Spellcasting
 * Level 1.8 Conjurations
 + Level 3.9 Fire Magic


You had 6 spell levels left.
You knew the following spells:

 Your Spells              Type           Power        Failure   Level
a - Foxfire               Conj/Fire      ##..         4%          1
b - Conjure Flame         Conj/Fire      ##......     14%         3

Your spell library contained the following spells:

 Spells                   Type           Power        Failure   Level
 Beastly Appendage        Tmut           #.....       16%         1
 Inner Flame              Hex/Fire       #.......     22%         3
 Wereblood                Tmut           #.......     24%         2
 Spider Form              Tmut/Pois      #.........   43%         3
 Sticky Flame             Conj/Fire      ##......     43%         4
 Fireball                 Conj/Fire      ##........   80%         5
 Ice Form                 Ice/Tmut       #.......     85%         4
 Blade Hands              Tmut           #.........   99%         5


Dungeon Overview and Level Annotations

Branches:
Dungeon (3/15)

Altars:

Annotations:
D:2 Jessica, Terence


Innate Abilities, Weirdness & Mutations

You cannot wear most types of armour.
You are very stealthy in the water. (Stealth+)
You are amphibious.
You can wear up to eight rings at the same time.
You can use your tentacles to constrict eight enemies at once.
Your skin changes colour to match your surroundings (Stealth+).
Your rubbery body absorbs attacks. (AC +1, EV +1)


Message History

It was a potion of might.
You feel very mighty all of a sudden. Terence hits you with a +0 morningstar!
* * * LOW HITPOINT WARNING * * *
You feel better. Terence hits you with a +0 morningstar.
You barely miss Terence. You grab Terence.
You constrict Terence, but do no damage.
Terence barely misses you.
You release your grip on Terence.
Terence is pulled toward you! Terence is pulled toward you!
The hobgoblin is pulled toward you! The goblin is pulled toward you!
The kobold is pulled toward you! Terence completely misses you.
Terence is pulled toward you! Jessica is pulled toward you!
The hobgoblin is pulled toward you! The goblin is pulled toward you!
Terence completely misses you.
As you read the scroll labelled FOWOAB OCOPN, it crumbles to dust.
You feel strangely unstable.
It was a scroll of teleportation.
The goblin is pulled toward you! The kobold is pulled toward you!
The hobgoblin barely misses you. Terence hits you with a +0 morningstar!
You die...

######## # #(†@(†.#.#
### #.####.#.## ..##
#.# #@...## ..<## #.#
#@#.#.##### ....# #(#
#@K......@ ..†.####
#$# #g#.....##
#.#....#
##.#####g......##
#.#.##.#
#.(§(l@r........#
.#####.#
#..###b........###$
##.....# #..#
#.............
....#..# #..#
#.......##### ###.#..#
#.(. ##......##
#...#.##
...........##.#######.


You could see Terence, Jessica (fast), a hobgoblin, a goblin (wandering) and a
kobold.

Vanquished Creatures
  3 adders
  4 worms
  2 dart slugs
  2 leopard geckos
  7 orcs (D:3)
  A ball python (D:3)
  A giant cockroach (D:2)
  5 goblins
  12 hobgoblins
  7 jackals
  2 quokkas (D:2)
  5 bats
  2 frilled lizards
  6 kobolds
  5 rats
64 creatures vanquished.

Vanquished Creatures (others)
  201 foxfires
201 creatures vanquished.

Grand Total: 265 creatures vanquished

Notes
Turn   | Place    | Note
-------+----------+-------------------------------------------
     0 | D:1      | Conn the Octopode Fire Elementalist began the quest for the
                  | Orb.
     0 | D:1      | Reached XP level 1. HP: 11/11 MP: 3/3
   305 | D:1      | Reached XP level 2. HP: 17/17 MP: 1/5
   961 | D:1      | Reached XP level 3. HP: 7/21 MP: 6/6
  1399 | D:1      | Learned a level 3 spell: Conjure Flame
  2029 | D:2      | Reached XP level 4. HP: 27/27 MP: 4/7
  2120 | D:2      | Noticed Terence
  3361 | D:2      | Noticed Jessica
  3429 | D:2      | Reached XP level 5. HP: 22/31 MP: 6/9
  3484 | D:2      | Slain by Terence

Illustrated notes

Levels and vault maps discovered:
D:1:      dpeg_arrival_orchard, layout_loops_corners
D:2:      minmay_evil_eye, layout_loops_ring, minmay_misc_feat_square,
          uniq_terence, uniq_jessica
D:3:      layout_loops_cross

Skill      XL: |  1  2  3  4  5 |
---------------+----------------+-----
Stealth        | 3 |  3.7
Spellcasting   | 3 |  3.0
Fighting       | |  0.2
Dodging        | |  2.3
Conjurations   | |  1.8
Fire Magic     | |  3.9

Action                   |  1- 3 |  4- 6 || total
-------------------------+-------+-------++-------
Melee: Unarmed           |     2 |       ||     2
       Dagger            |    16 |     8 ||    24
       Constrict         |     4 |     7 ||    11
       Tentacles         |     2 |     5 ||     7
       Short sword       |       |    19 ||    19
Throw: Dart              |       |     5 ||     5
 Cast: Foxfire           |    63 |    60 ||   123
  Use: Scroll            |     2 |     1 ||     3
       Potion            |     1 |     5 ||     6
 Stab: Sleeping          |     4 |     1 ||     5
Armor: Skin              |     9 |     1 ||    10
Dodge: Dodged            |    46 |    75 ||   121

Table legend: (Time is in decaauts)
 A = Elapsed time spent in this place.
 B = Non-inter-level travel time spent in this place.
 C = Inter-level travel time spent in this place.
 D = Time resting spent in this place.
 E = Time spent auto-exploring this place.
 F = Levels seen in this place.
 G = Mean time per level.
                   A        B        C        D        E       F      G
               +--------+--------+--------+--------+--------+-----+--------+
         Total |   3483 |   3429 |     54 |    368 |   2162 |   3 | 1161.0 |
       Dungeon |   3483 |   3429 |     54 |    368 |   2162 |   3 | 1161.0 |
               +--------+--------+--------+--------+--------+-----+--------+

Top non-repeatable levels by time:
     D:1: 1416 daAuts
     D:3: 1137 daAuts
     D:2: 929 daAuts
